 Dungeon Crawl Stone Soup version 0.27-a0-920-gb2bd10914a (webtiles) character file.

Game seed: 1419973927664523328

299 leviel the Covered (level 6, -1/84 HPs)
             Began as a Minotaur Fighter on Apr 9, 2021.
             Succumbed to a killer bee's poison
             ... on level 4 of the Dungeon.
             The game lasted 00:02:40 (2726 turns).

leviel the Covered (Minotaur Fighter)               Turns: 2726, Time: 00:02:40

Health: -1/84      AC:  7    Str: 22    XL:     6   Next: 13%
Magic:  5/5        EV:  7    Int:  5    God:
Gold:   59         SH: 10    Dex: 10    Spells: 5/5 levels left

rFire    . . .     SeeInvis .   a - +0 long sword
rCold    . . .     Faith    .   c - +0 kite shield
rNeg     . . .     Spirit   .   b - +0 scale mail
rPois    .         Reflect  .   (helmet restricted)
rElec    .         Harm     .   (no cloak)
rCorr    .         Rampage  .   (no gloves)
Will     .....                  (no boots)
Stlth    ..........             (no amulet)
HPRegen  0.24/turn              (no ring)
MPRegen  0.09/turn              (no ring)

@: mighty, berserking, lethally poisoned (-1 -> -14), very quick
A: horns 2, retaliatory headbutt
a: no special abilities


You were on level 4 of the Dungeon.
You visited 1 branch of the dungeon, and saw 4 of its levels.

You collected 59 gold pieces.

Inventory:

Hand Weapons
 a - a +0 long sword (weapon)
Armour
 b - a +0 scale mail (worn)
 c - a +0 kite shield (worn)
Wands
 i - a wand of polymorph (5)
 l - a wand of acid (5)
 n - a wand of mindburst (7) (quivered)
Scrolls
 e - 2 scrolls of identify {unknown}
 g - a scroll of blinking {unknown}
 h - a scroll of fear {unknown}
 m - a scroll of enchant weapon {unknown}
 o - 2 scrolls of noise {unknown}
Potions
 f - a potion of berserk rage
 j - a potion of lignification {unknown}
 k - a potion of resistance {unknown}
 p - a potion of heal wounds {unknown}


   Skills:
 + Level 5.0 Fighting
 + Level 4.2 Long Blades
 + Level 5.1 Armour
 - Level 0.1 Dodging
 - Level 0.3 Stealth
 + Level 5.0 Shields
 + Level 1.3 Evocations


You had 5 spell levels left.
You didn't know any spells.
Your spell library contained the following spells:

 Spells                   Type           Power      Damage    Failure   Level
 Animate Skeleton         Necr           0%         N/A       99%         1
 Apportation              Tloc           0%         N/A       99%         1
 Corona                   Hex            0%         N/A       99%         1
 Summon Small Mammal      Summ           0%         N/A       99%         1


Dungeon Overview and Level Annotations

Branches:
Dungeon (4/15)
 Temple: D:4-7

Altars:
Okawaru
Vehumet


Innate Abilities, Weirdness & Mutations

You have a pair of horns on your head.
You reflexively headbutt those who attack you in melee.


Message History

You feel very mighty all of a sudden. You block the scorpion's attack.
You barely miss the scorpion.
The scorpion is lightly wounded.
The scorpion stings you. You block the scorpion's attack.
You hit the scorpion. You headbutt the scorpion.
The scorpion is heavily wounded.
You block the scorpion's attack.
You slash the scorpion!
You kill the scorpion!
You block the killer bee's attack.
Your Long Blades skill increases to level 4!
Your Armour skill increases to level 5!
Your Evocations skill increases to level 1!
You slice the killer bee!!
You kill the killer bee!
The killer bee stings you.
You are poisoned.
The killer bee poisons you! The killer bee stings you.
Your Fighting skill increases to level 5!
Your Shields skill increases to level 5!
You have reached level 6!
Your experience leads to an increase in your attributes!
Increase (S)trength, (I)ntelligence, or (D)exterity?
You feel stronger.
You miss the killer bee.
You feel very sick. You block the killer bee's attack. x2
The killer bee stings you but does no damage.
You barely miss the killer bee.
You feel sick. The killer bee stings you!
* * * LOW HITPOINT WARNING * * *
The killer bee stings you but does no damage.
The killer bee stings you!
* * * LOW HITPOINT WARNING * * *
You are more poisoned.
The killer bee poisons you!
It was a potion of berserk rage.
A red film seems to cover your vision as you go berserk!
You feel yourself moving faster!
You feel mighty!
You die...

#........#..
#..........# #..[.....#
#........# ##...#####
#####.#.# ........##
.........#############
#.###.#.........@yyyy##
#.....#.############o.#
###..##.# ##?.o#
#.....# ###.....
......## ###...
#.#....# .# .[#....#
..#....# ..#


You could see 4 killer bees and an orc.

Vanquished Creatures
  A scorpion (D:4)
  A killer bee (D:4)
  2 orc priests
  A river rat (D:3)
  3 adders
  An adder skeleton (D:4)
  A dart slug (D:2)
  10 orcs
  6 ball pythons
  5 endoplasms
  2 giant cockroaches
  4 goblins
  6 hobgoblins
  14 jackals
  7 kobolds
  A quokka (D:2)
  9 bats
  2 frilled lizards
  4 rats
80 creatures vanquished.

Notes
Turn   | Place    | Note
-------+----------+-------------------------------------------
     0 | D:1      | leviel the Minotaur Fighter began the quest for the Orb.
     0 | D:1      | Reached XP level 1. HP: 19/19 MP: 0/0
    99 | D:1      | Found a faded altar of an unknown god.
   149 | D:1      | Reached XP level 2. HP: 27/27 MP: 1/1
   610 | D:1      | Reached XP level 3. HP: 33/33 MP: 2/2
  1389 | D:2      | Reached XP level 4. HP: 29/40 MP: 3/3
  2152 | D:3      | Found a radiant altar of Vehumet.
  2153 | D:3      | Found an iron altar of Okawaru.
  2451 | D:3      | Reached XP level 5. HP: 47/47 MP: 4/4
  2723 | D:4      | Reached skill level 5 in Armour
  2723 | D:4      | Reached skill level 1 in Evocations
  2724 | D:4      | Reached skill level 5 in Fighting
  2724 | D:4      | Reached skill level 5 in Shields
  2724 | D:4      | Reached XP level 6. HP: 22/56 MP: 5/5
  2725 | D:4      | HP: 1/56 [killer bee (8)]
  2726 | D:4      | Succumbed to a killer bee's poison

Illustrated notes

Levels and vault maps discovered:
D:1:      nicolae_arrival_somewhat_less_tricky_arrival, layout_basic,
          basic_ecumenical_altar
D:2:      layout_rooms
D:3:      layout_basic, gammafunk_temple_overflow_pools
D:4:      layout_rooms, gammafunk_ghost_arena, uniq_sigmund

Skill      XL: |  1  2  3  4  5 |
---------------+----------------+-----
Fighting       | 4 5 |  5.0
Shields        | 4 5 |  5.0
Armour         | 4 5 |  5.1
Long Blades    | 3 4 |  4.2
Evocations     | 1 |  1.3
Dodging        | |  0.1
Stealth        | |  0.3

Action                   |  1- 3 |  4- 6 || total
-------------------------+-------+-------++-------
Melee: Long sword        |    70 |    66 ||   136
       Headbutt          |    13 |    16 ||    29
Evoke: Wand              |       |     4 ||     4
  Use: Potion            |       |     2 ||     2
Armor: Scale mail        |    43 |    30 ||    73
Dodge: Dodged            |    33 |    26 ||    59
Block: Kite shield       |    39 |    42 ||    81
       Rpst.: Long sword |     5 |     7 ||    12

Table legend: (Time is in decaauts)
 A = Elapsed time spent in this place.
 B = Non-inter-level travel time spent in this place.
 C = Inter-level travel time spent in this place.
 D = Time resting spent in this place.
 E = Time spent auto-exploring this place.
 F = Levels seen in this place.
 G = Mean time per level.
                   A        B        C        D        E       F      G
               +--------+--------+--------+--------+--------+-----+--------+
         Total |   2788 |   2682 |    106 |      0 |   2320 |   4 |  697.0 |
       Dungeon |   2788 |   2682 |    106 |      0 |   2320 |   4 |  697.0 |
               +--------+--------+--------+--------+--------+-----+--------+

Top non-repeatable levels by time:
     D:1: 1143 daAuts
     D:2: 723 daAuts
     D:3: 718 daAuts
     D:4: 202 daAuts
